 Dungeon Crawl Stone Soup version 0.29.1-15-g9cfb28693d (webtiles) character file.

Game seed: 10050345314305364192

47 Heoruswealwe the Digger (level 3, -5/19 HPs)
             Began as a Deep Elf Earth Elementalist on Mar 18, 2023.
             Slain by Terence
             ... wielding a +1 hand axe of electrocution
              (7 damage)
             ... on level 2 of the Dungeon.
             The game lasted 00:08:45 (559 turns).

Heoruswealwe the Digger (DEEE)                       Turns: 559, Time: 00:08:45

Health: -5/19      AC:  2    Str:  5    XL:     3   Next: 48%
Magic:  3/10       EV: 12    Int: 21    God:
Gold:   62         SH:  0    Dex: 15    Spells: 6/9 levels left

rFire   . . .      SeeInvis .   a - +0 long sword
rCold   . . .      Faith    .   (no shield)
rNeg    . . .      Spirit   .   b - +0 robe
rPois   .          Reflect  .   (no helmet)
rElec   .          Harm     .   (no cloak)
rCorr   .          Rampage  .   (no gloves)
Will    .....                   (no boots)
Stlth   ++........              (no amulet)
HPRegen 0.06/turn               (no ring)
MPRegen 0.12/turn               (no ring)

@: no status effects
A: no striking features
a: no special abilities


You were on level 2 of the Dungeon.
You visited 1 branch of the dungeon, and saw 2 of its levels.

You collected 62 gold pieces.

Inventory:

Hand Weapons
 a - a +0 long sword (weapon)
 l - a +0 war axe
Armour
 b - a +0 robe (worn)
Scrolls
 c - 2 scrolls of identify {unknown}
 i - a scroll of vulnerability {unknown}
 j - a scroll of blinking {unknown}
 k - a scroll of teleportation {unknown}
Potions
 d - 2 potions of curing {unknown}
 e - a potion of magic
 f - a potion of heal wounds {unknown}
 g - a potion of mutation {unknown}
 h - a potion of invisibility {unknown}


   Skills:
 - Level 2.4 Dodging
 - Level 2.4 Stealth
 + Level 3.5 Spellcasting
 + Level 1.3 Conjurations
 + Level 1.8 Transmutations
 * Level 4.1 Earth Magic


You had 6 spell levels left.
You knew the following spells:

 Your Spells              Type           Power      Damage    Failure   Level
a - Sandblast             Erth           42%        2d11      2%          1
b - Passwall              Tmut/Erth      13%        N/A       5%          2

Your spell library contained the following spells:

 Spells                   Type           Power      Damage    Failure   Level
 Stone Arrow              Conj/Erth      30%        3d8       12%         3
 Petrify                  Tmut/Erth      16%        N/A       36%         4


Dungeon Overview and Level Annotations

Branches:
Dungeon (2/15)

Altars:

Annotations:
D:2 Terence


Message History

You see here a +0 scale mail.
You see here a +0 war axe.
l - a +0 war axe You now have 62 gold pieces (gained 15).
You open the door.
A rat comes into view.
The blast of sand hits the rat!
You kill the rat!
An adder comes into view.
The blast of sand hits the adder.
The adder is heavily wounded.
The adder barely misses you.
The blast of sand misses the adder.
The adder bites you. The adder barely misses you.
The blast of sand hits the adder!
You kill the adder!
You open the door.
Terence the Incautious comes into view.
He is wielding a +1 hand axe of electrocution.
There is an open door here.
The blast of sand hits Terence.
Terence is lightly wounded.
Terence shouts!
The blast of sand hits Terence.
Terence is moderately wounded.
The blast of sand hits Terence!
Terence is severely wounded.
Terence hits you with a +1 hand axe of electrocution.
You are electrocuted!
Ouch! That really hurt!
* * * LOW HITPOINT WARNING * * *
Casting: Sandblast (safe; 2% risk of failure)
Confirm with . or Enter, or press ? or * to list all spells.
Aiming: Sandblast (safe; 2% risk of failure)
Press: ? - help, Shift-Dir - straight line, f/p - Terence
Aim: Terence, wielding a +1 hand axe of electrocution and wearing a +0 ring mail (severely wounded, 85% to hit)
The blast of sand hits Terence.
Terence is almost dead.
Terence barely misses you.
Terence hits you with a +1 hand axe of electrocution!
You die...

.. ...†. . ...# ...##.
##'## ..... . ##...##
....#.# # ##.....##
...... # ##[#...#.##
....# # ##.8.8.8.8.##...
#####...........#.####+#
....'.).........@.......
#####...........#@......
##.8.8.8.8.##.......
##.#...#.## .......
##.....## .......
##...## ....... ##+##
....... ...####


You could see Terence.

Vanquished Creatures
  An adder (D:2)
  3 ball pythons (D:1)
  3 bats (D:1)
  An endoplasm (D:1)
  4 goblins (D:1)
  7 hobgoblins
  3 jackals (D:2)
  2 frilled lizards
  5 kobolds
  5 rats
34 creatures vanquished.

Notes
Turn   | Place    | Note
-------+----------+-------------------------------------------
     0 | D:1      | Heoruswealwe the Deep Elf Earth Elementalist began the
                  | quest for the Orb.
     0 | D:1      | Reached XP level 1. HP: 10/10 MP: 6/6
    29 | D:1      | Reached XP level 2. HP: 15/15 MP: 0/8
   131 | D:1      | Reached skill level 1 in Conjurations
   431 | D:1      | Learned a level 2 spell: Passwall
   461 | D:2      | Reached XP level 3. HP: 19/19 MP: 7/9
   469 | D:2      | Reached skill level 4 in Earth Magic
   554 | D:2      | Noticed Terence
   559 | D:2      | Slain by Terence

Illustrated notes

Levels and vault maps discovered:
D:1:      saegor_arrival_simple_b, layout_rooms, minmay_tetromino_o2
D:2:      layout_basic, dk_noncrumbling_3, moated_statue, uniq_terence

Skill      XL: |  1  2  3 |
---------------+----------+-----
Conjurations   | 1 |  1.3
Earth Magic    | 4 |  4.1
Dodging        | |  2.4
Stealth        | |  2.4
Spellcasting   | |  3.5
Transmutations | |  1.8

Action                   || total
-------------------------++-------
Melee: Long sword        ||     2
 Cast: Sandblast         ||    43
Armor: Robe              ||     1
Dodge: Dodged            ||     7
